Workbook

Sheet 价格表
A1: 附件1
A2: 湖南省手术和治疗辅助操作类医疗服务项目价格表
A3: 序号 | B3: 项目编码 | C3: 项目名称 | D3: 服务产出 | E3: 价格构成 | F3: 加收项 | G3: 扩展项 | H3: 计价单位 | I3: 计价说明 | J3: 一类价格 | K3: 二类价格 | L3: 三类价格 | M3: 支付分类 | N3: 自付比例
J4: 价格单位：元
A5: 1 | B5: 017500000010000 | C5: 医学3D重建辅助操作费 | D5: 通过数字技术、人工智能技术等将患者影像检查结果构建虚拟3D模型，满足术前规划、导板设计、手术预演、可植入假体制作等需要。 | E5: 所定价格涵盖计算软件或人工智能建模、协助医生提前预演手术操作并研判手术效果、数据处理与上传存储（含数字方式）等步骤所需的人力资源、设备运转成本与基本物质资源消耗。 | H5: 次 | I5: 1.医疗机构未上传医疗数据和设备运行记录的，应执行减收政策，减收标准100元。 2.口腔种植类的按“医学3D建模（口腔）”收费 | J5: 280 | K5: 250 | L5: 225 | M5: 丙类 | N5: 1 | O5: =K5/J5 -> 0.89285714 | P5: =L5/K5 -> 0.9 | Q5: =VLOOKUP(B5,[1]清稿!$B$3:$C$46,2,0) -> 医学3D重建辅助操作费 | R5: =C5=Q5 -> TRUE | S5: =VLOOKUP(B5,[2]Sheet1!$B$3:$T$50,18,0) -> 丙类 | T5: =VLOOKUP(B5,[2]Sheet1!$B$3:$T$50,19,0) -> 1 | U5: =M5=S5 -> TRUE | V5: =N5=T5 -> TRUE
A6: 2 | B6: 017500000020000 | C6: 医学3D模型打印辅助操作费 | D6: 通过增材制造技术将虚拟3D模型制备成仅具有病情诊断、手术规划功能的实体模型。 | E6: 所定价格涵盖模型接收、材料准备、3D打印、实时监控、取出、去除支撑、固化、表面处理等步骤所需的人力资源、设备运转成本、物料消耗与基本物质资源消耗。 | H6: 件 | I6: 口腔种植类的按“医学3D模型打印（口腔）”收费；不得同时收取手术规划辅助器具、导板、导航材料等相关耗材。 | J6: 450 | K6: 400 | L6: 360 | M6: 丙类 | N6: 1 | O6: =K6/J6 -> 0.88888889 | P6: =L6/K6 -> 0.9 | Q6: =VLOOKUP(B6,[1]清稿!$B$3:$C$46,2,0) -> 医学3D模型打印辅助操作费 | R6: =C6=Q6 -> TRUE | S6: =VLOOKUP(B6,[2]Sheet1!$B$3:$T$50,18,0) -> 丙类 | T6: =VLOOKUP(B6,[2]Sheet1!$B$3:$T$50,19,0) -> 1 | U6: =M6=S6 -> TRUE | V6: =N6=T6 -> TRUE
A7: 3 | B7: 017500000030000 | C7: 医学3D导板打印辅助操作费 | D7: 通过增材制造技术将虚拟3D模型制备成作用于手术部位、确保手术器械或植（介）入物精准到达预定位置的实物模板。 | E7: 所定价格涵盖模型接收、材料准备、3D打印、实时监控、取出、去除支撑、固化、表面处理等步骤所需的人力资源、设备运转成本、物料消耗与基本物质资源消耗。 | H7: 件 | I7: 口腔种植类的按“医学3D导板打印（口腔）“收费；不得同时收取手术规划辅助器具、导板、导航材料等相关耗材。 | J7: 1500 | K7: 1300 | L7: 1040 | M7: 丙类 | N7: 1 | O7: =K7/J7 -> 0.86666667 | P7: =L7/K7 -> 0.8 | Q7: =VLOOKUP(B7,[1]清稿!$B$3:$C$46,2,0) -> 医学3D导板打印辅助操作费 | R7: =C7=Q7 -> TRUE | S7: =VLOOKUP(B7,[2]Sheet1!$B$3:$T$50,18,0) -> 丙类 | T7: =VLOOKUP(B7,[2]Sheet1!$B$3:$T$50,19,0) -> 1 | U7: =M7=S7 -> TRUE | V7: =N7=T7 -> TRUE
A8: 4 | B8: 017500000040000 | C8: 生物3D打印（组织）辅助操作费 | D8: 通过生物打印技术将3D模型制作成用于治疗或辅助治疗的仿生生物组织。 | E8: 所定价格涵盖模型接收、材料准备、3D打印、实时监控、取出等步骤所需的人力资源、设备运转成本、物料消耗与基本物质资源消耗。 | H8: 件 | I8: 1.不得同时收取相应部位人工组织\人工生物组织等相关耗材。2.每增加1件按60%叠加计价，多件累计一类价格封顶8320元、二类价格封顶7280元、三类价格封顶6240元。 | J8: 1600 | K8: 1400 | L8: 1200 | M8: 丙类 | N8: 1 | O8: =K8/J8 -> 0.875 | P8: =L8/K8 -> 0.85714286 | Q8: =VLOOKUP(B8,[1]清稿!$B$3:$C$46,2,0) -> 生物3D打印（组织）辅助操作费 | R8: =C8=Q8 -> TRUE | S8: =VLOOKUP(B8,[2]Sheet1!$B$3:$T$50,18,0) -> 丙类 | T8: =VLOOKUP(B8,[2]Sheet1!$B$3:$T$50,19,0) -> 1 | U8: =M8=S8 -> TRUE | V8: =N8=T8 -> TRUE
A9: 5 | B9: 017500000050000 | C9: 生物3D打印（血管）辅助操作费 | D9: 通过生物打印技术将3D模型制作成用于治疗或辅助治疗的仿生生物血管。 | E9: 所定价格涵盖模型接收、材料准备、3D打印、实时监控、取出等步骤所需的人力资源、设备运转成本、物料消耗与基本物质资源消耗。 | H9: 件 | I9: 不得同时收取相应部位人工血管、人工生物血管等相关耗材。 | J9: 7000 | K9: 5600 | L9: 5000 | M9: 丙类 | N9: 1 | O9: =K9/J9 -> 0.8 | P9: =L9/K9 -> 0.89285714 | Q9: =VLOOKUP(B9,[1]清稿!$B$3:$C$46,2,0) -> 生物3D打印（血管）辅助操作费 | R9: =C9=Q9 -> TRUE | S9: =VLOOKUP(B9,[2]Sheet1!$B$3:$T$50,18,0) -> 丙类 | T9: =VLOOKUP(B9,[2]Sheet1!$B$3:$T$50,19,0) -> 1 | U9: =M9=S9 -> TRUE | V9: =N9=T9 -> TRUE
A10: 6 | B10: 017500000060000 | C10: 生物3D打印（器官）辅助操作费 | D10: 通过生物打印技术将3D模型制作成用于治疗或辅助治疗的仿生生物器官。 | E10: 所定价格涵盖模型接收、材料准备、3D打印、实时监控、取出等步骤所需的人力资源、设备运转成本、物料消耗与基本物质资源消耗。 | H10: 件 | I10: 1.不得同时收取相应部位人工器官、人工生物器官等相关耗材。2.待产品获批上市后，执行市场调节价一段时间再制定政府指导价。 | J10: 市场调节价 | M10: 丙类 | N10: 1 | Q10: =VLOOKUP(B10,[1]清稿!$B$3:$C$46,2,0) -> 生物3D打印（器官）辅助操作费 | R10: =C10=Q10 -> TRUE | S10: =VLOOKUP(B10,[2]Sheet1!$B$3:$T$50,18,0) -> 丙类 | T10: =VLOOKUP(B10,[2]Sheet1!$B$3:$T$50,19,0) -> 1 | U10: =M10=S10 -> TRUE | V10: =N10=T10 -> TRUE
A11: 7 | B11: 017300000010000 | C11: 示踪辅助操作费（阴性显示） | D11: 通过各种方式引入示踪品，降低目标区域的信号强度，确定病变位置和范围。 | E11: 所定价格涵盖消毒、引入示踪品、识别目标区域、处理用物等步骤所需的人力资源、设备运转成本与基本物质资源消耗。 | H11: 次 | J11: 350 | K11: 310 | L11: 280 | M11: 丙类 | N11: 1 | O11: =K11/J11 -> 0.88571429 | P11: =L11/K11 -> 0.90322581 | Q11: =VLOOKUP(B11,[1]清稿!$B$3:$C$46,2,0) -> 示踪辅助操作费（阴性显示） | R11: =C11=Q11 -> TRUE | S11: =VLOOKUP(B11,[2]Sheet1!$B$3:$T$50,18,0) -> 丙类 | T11: =VLOOKUP(B11,[2]Sheet1!$B$3:$T$50,19,0) -> 1 | U11: =M11=S11 -> TRUE | V11: =N11=T11 -> TRUE
A12: 8 | B12: 017300000020000 | C12: 示踪辅助操作费（阳性显示） | D12: 通过各种方式引入示踪品，增强目标区域的信号强度，确定病变位置和范围。 | E12: 所定价格涵盖消毒、引入示踪品、识别目标区域、处理用物等步骤所需的人力资源、设备运转成本与基本物质资源消耗。 | H12: 次 | J12: 350 | K12: 310 | L12: 280 | M12: 丙类 | N12: 1 | O12: =K12/J12 -> 0.88571429 | P12: =L12/K12 -> 0.90322581 | Q12: =VLOOKUP(B12,[1]清稿!$B$3:$C$46,2,0) -> 示踪辅助操作费（阳性显示） | R12: =C12=Q12 -> TRUE | S12: =VLOOKUP(B12,[2]Sheet1!$B$3:$T$50,18,0) -> 丙类 | T12: =VLOOKUP(B12,[2]Sheet1!$B$3:$T$50,19,0) -> 1 | U12: =M12=S12 -> TRUE | V12: =N12=T12 -> TRUE
A13: 9 | B13: 017100000010000 | C13: 术中显微成像辅助操作费 | D13: 通过光学和成像等系统，术中放大细微结构或病灶组织，辅助完成手术。 | E13: 所定价格涵盖设备准备、辅助显示、撤除、处理用物等步骤所需的人力资源、设备运转成本与基本物质资源消耗。 | F13: 01术中扫频光学相干断层扫描成像辅助操作 | H13: 次 | I13: 仅提供照明、直接放大成像功能的通用型显微设备，纳入眼科、耳鼻喉、口腔等相关医疗服务价格项目价格构成，不再收取“术中显微成像辅助操作费”。 | J13: 330 | K13: 330 | L13: 330 | M13: 乙类 | N13: 0.3 | O13: =K13/J13 -> 1 | P13: =L13/K13 -> 1 | Q13: =VLOOKUP(B13,[1]清稿!$B$3:$C$46,2,0) -> 术中显微成像辅助操作费 | R13: =C13=Q13 -> TRUE | S13: =VLOOKUP(B13,[2]Sheet1!$B$3:$T$50,18,0) -> 乙类 | T13: =VLOOKUP(B13,[2]Sheet1!$B$3:$T$50,19,0) -> 0.3 | U13: =M13=S13 -> TRUE | V13: =N13=T13 -> TRUE
A14: 10 | B14: 017100000010001 | C14: 术中显微成像辅助操作费-术中扫频光学相干断层扫描成像辅助操作（加收20%） | J14: 66 | K14: 66 | L14: 66 | M14: 乙类 | N14: 0.3 | O14: =K14/J14 -> 1 | P14: =L14/K14 -> 1 | Q14: =VLOOKUP(B14,[1]清稿!$B$3:$C$46,2,0) -> #N/A | R14: =C14=Q14 -> #N/A | S14: =VLOOKUP(B14,[2]Sheet1!$B$3:$T$50,18,0) -> #N/A | T14: =VLOOKUP(B14,[2]Sheet1!$B$3:$T$50,19,0) -> #N/A | U14: =M14=S14 -> #N/A | V14: =N14=T14 -> #N/A
A15: 11 | B15: 017100000020000 | C15: 术中立体成像辅助操作费 | D15: 通过立体成像功能，以虚拟现实、混合现实等各类方式还原视野的立体纵深感，术中为手术提供可视化、沉浸式的立体光影像支持，辅助完成手术。 | E15: 所定价格涵盖设备准备、连接、设备调试、辅助显示、撤除、处理用物等步骤所需的人力资源、设备运转成本与基本物质资源消耗。 | H15: 次 | J15: 680 | K15: 610 | L15: 550 | M15: 丙类 | N15: 1 | O15: =K15/J15 -> 0.89705882 | P15: =L15/K15 -> 0.90163934 | Q15: =VLOOKUP(B15,[1]清稿!$B$3:$C$46,2,0) -> 术中立体成像辅助操作费 | R15: =C15=Q15 -> TRUE | S15: =VLOOKUP(B15,[2]Sheet1!$B$3:$T$50,18,0) -> 丙类 | T15: =VLOOKUP(B15,[2]Sheet1!$B$3:$T$50,19,0) -> 1 | U15: =M15=S15 -> TRUE | V15: =N15=T15 -> TRUE
A16: 12 | B16: 017400000020000 | C16: 手术路径导航辅助操作费 | D16: 通过融合医学影像、计算机定位追踪及实时反馈等技术，术中实时显示手术路径、靶点，并提供必要的操作指导。 | E16: 所定价格涵盖设备准备、图像采集、传输、调节、定位、实时成像、引导、处理用物、数据处理与上传存储（含数字方式）等步骤所需的人力资源、设备运转成本与基本物质资源消耗。 | H16: 次 | I16: 1.本项目所称的“显示手术路径、靶点”，其显示方式包括虚拟现实、混合现实等各类立体成像。 2.医疗机构未上传医疗数据和设备运行记录的，应执行减收政策，减收标准100元。3.操作过程中不得同时叠加收取引导费用。 | J16: 1500 | K16: 1500 | L16: 1500 | M16: 丙类 | N16: 1 | O16: =K16/J16 -> 1 | P16: =L16/K16 -> 1 | Q16: =VLOOKUP(B16,[1]清稿!$B$3:$C$46,2,0) -> 手术路径导航辅助操作费 | R16: =C16=Q16 -> TRUE | S16: =VLOOKUP(B16,[2]Sheet1!$B$3:$T$50,18,0) -> 丙类 | T16: =VLOOKUP(B16,[2]Sheet1!$B$3:$T$50,19,0) -> 1 | U16: =M16=S16 -> TRUE | V16: =N16=T16 -> TRUE
A17: 13 | B17: 017100000030000 | C17: 超声切割刀辅助操作费 | D17: 利用超声产生穿透或振动效应，实现切割组织、凝闭血管等操作，辅助完成手术或治疗。 | E17: 所定价格涵盖设备准备、参数调试、切割、撤除、处理用物等步骤所需的人力资源、可复用刀具、设备运转成本与基本物质资源消耗。 | H17: 次 | I17: 1.医疗机构使用一次性刀具的，按零差率销售，不得收取“超声切割刀辅助操作费” 2.同一复用刀具有多种辅助操作功能的，医疗机构实际收费时，按收费标准最高的医疗服务价格项目计费，不叠加计费。 | J17: 500 | K17: 500 | L17: 500 | M17: 乙类 | N17: 0.2 | O17: =K17/J17 -> 1 | P17: =L17/K17 -> 1 | Q17: =VLOOKUP(B17,[1]清稿!$B$3:$C$46,2,0) -> 超声切割刀辅助操作费 | R17: =C17=Q17 -> TRUE | S17: =VLOOKUP(B17,[2]Sheet1!$B$3:$T$50,18,0) -> 丙类 | T17: =VLOOKUP(B17,[2]Sheet1!$B$3:$T$50,19,0) -> 1 | U17: =M17=S17 -> FALSE | V17: =N17=T17 -> FALSE
A18: 14 | B18: 017100000040000 | C18: 超声吸引刀辅助操作费 | D18: 通过超声产生空化作用，实现粉碎、吸出组织等操作，辅助完成手术或治疗。 | E18: 所定价格涵盖设备准备、参数调试、粉碎吸引、撤除、处理用物等步骤所需的人力资源、可复用刀具、设备运转成本与基本物质资源消耗。 | H18: 次 | I18: 1.医疗机构使用一次性刀具的，按零差率销售，不得收取“超声吸引刀辅助操作费”。 2.同一复用刀具有多种辅助操作功能的，医疗机构实际收费时，按收费标准最高的医疗服务价格项目计费，不叠加计费。 | J18: 1000 | K18: 1000 | L18: 1000 | M18: 丙类 | N18: 1 | O18: =K18/J18 -> 1 | P18: =L18/K18 -> 1 | Q18: =VLOOKUP(B18,[1]清稿!$B$3:$C$46,2,0) -> 超声吸引刀辅助操作费 | R18: =C18=Q18 -> TRUE | S18: =VLOOKUP(B18,[2]Sheet1!$B$3:$T$50,18,0) -> 丙类 | T18: =VLOOKUP(B18,[2]Sheet1!$B$3:$T$50,19,0) -> 1 | U18: =M18=S18 -> TRUE | V18: =N18=T18 -> TRUE
A19: 15 | B19: 017100000050000 | C19: 电刀辅助操作费 | D19: 通过电流产生热效应，实现切割、凝血等操作，辅助完成手术或治疗。 | E19: 所定价格涵盖设备准备、参数调试、切割、凝血、撤除、处理用物等步骤所需的人力资源、可复用刀具、设备运转成本与基本物质资源消耗。 | F19: 01血管切割闭合系统辅助操作 | H19: 次 | I19: 1.医疗机构使用一次性刀具的，按零差率销售，不得收取“电刀辅助操作费”。 2.同一复用刀具有多种辅助操作功能的，医疗机构实际收费时，按收费标准最高的医疗服务价格项目计费，不叠加计费。 | J19: 100 | K19: 100 | L19: 100 | M19: 乙类 | N19: 0.2 | O19: =K19/J19 -> 1 | P19: =L19/K19 -> 1 | Q19: =VLOOKUP(B19,[1]清稿!$B$3:$C$46,2,0) -> 电刀辅助操作费 | R19: =C19=Q19 -> TRUE | S19: =VLOOKUP(B19,[2]Sheet1!$B$3:$T$50,18,0) -> 乙类 | T19: =VLOOKUP(B19,[2]Sheet1!$B$3:$T$50,19,0) -> 0.2 | U19: =M19=S19 -> TRUE | V19: =N19=T19 -> TRUE
B20: 437100000050001 | C20: 电刀辅助操作费-血管切割闭合系统辅助操作加收 | J20: 900 | K20: 900 | L20: 900 | M20: 乙类 | N20: 0.2 | Q20: =VLOOKUP(B20,[1]清稿!$B$3:$C$46,2,0) -> #N/A | R20: =C20=Q20 -> #N/A | S20: =VLOOKUP(B20,[2]Sheet1!$B$3:$T$50,18,0) -> #N/A | T20: =VLOOKUP(B20,[2]Sheet1!$B$3:$T$50,19,0) -> #N/A | U20: =M20=S20 -> #N/A | V20: =N20=T20 -> #N/A
A21: 16 | B21: 017100000060000 | C21: 等离子刀辅助操作费 | D21: 通过电场激发产生等离子体，实现切割、凝固组织等操作，辅助完成手术或治疗。 | E21: 所定价格涵盖设备准备、参数调试、切割、凝固、撤除、处理用物等步骤所需的人力资源、可复用刀具、设备运转成本与基本物质资源消耗。 | G21: 01氩等离子刀 | H21: 次 | I21: 1.医疗机构使用一次性刀具的，按零差率销售，不得收取“等离子刀辅助操作费”。 2.同一复用刀具有多种辅助操作功能的，医疗机构实际收费时，按收费标准最高的医疗服务价格项目计费，不叠加计费。 | J21: 300 | K21: 300 | L21: 300 | M21: 丙类 | N21: 1 | O21: =K21/J21 -> 1 | P21: =L21/K21 -> 1 | Q21: =VLOOKUP(B21,[1]清稿!$B$3:$C$46,2,0) -> 等离子刀辅助操作费 | R21: =C21=Q21 -> TRUE | S21: =VLOOKUP(B21,[2]Sheet1!$B$3:$T$50,18,0) -> 丙类 | T21: =VLOOKUP(B21,[2]Sheet1!$B$3:$T$50,19,0) -> 1 | U21: =M21=S21 -> TRUE | V21: =N21=T21 -> TRUE
A22: 17 | B22: 017100000060100 | C22: 等离子刀辅助操作费-氩等离子刀（扩展） | J22: 300 | K22: 300 | L22: 300 | M22: 丙类 | N22: 1 | O22: =K22/J22 -> 1 | P22: =L22/K22 -> 1 | Q22: =VLOOKUP(B22,[1]清稿!$B$3:$C$46,2,0) -> #N/A | R22: =C22=Q22 -> #N/A | S22: =VLOOKUP(B22,[2]Sheet1!$B$3:$T$50,18,0) -> #N/A | T22: =VLOOKUP(B22,[2]Sheet1!$B$3:$T$50,19,0) -> #N/A | U22: =M22=S22 -> #N/A | V22: =N22=T22 -> #N/A
A23: 18 | B23: 017100000070000 | C23: 电磁刀辅助操作费 | D23: 通过电磁场产生涡流与热效应等，实现切割、烧灼或气化组织等操作，辅助完成手术或治疗。 | E23: 所定价格涵盖设备准备、参数调试、切割、烧灼、撤除、处理用物等步骤所需的人力资源、可复用刀具、设备运转成本与基本物质资源消耗。 | H23: 次 | I23: 1.医疗机构使用一次性刀具的，按零差率销售，不得收取“电磁刀辅助操作费”。 2.同一复用刀具有多种辅助操作功能的，医疗机构实际收费时，按收费标准最高的医疗服务价格项目计费，不叠加计费。 | J23: 650 | K23: 650 | L23: 650 | M23: 丙类 | N23: 1 | O23: =K23/J23 -> 1 | P23: =L23/K23 -> 1 | Q23: =VLOOKUP(B23,[1]清稿!$B$3:$C$46,2,0) -> 电磁刀辅助操作费 | R23: =C23=Q23 -> TRUE | S23: =VLOOKUP(B23,[2]Sheet1!$B$3:$T$50,18,0) -> 丙类 | T23: =VLOOKUP(B23,[2]Sheet1!$B$3:$T$50,19,0) -> 1 | U23: =M23=S23 -> TRUE | V23: =N23=T23 -> TRUE
A24: 19 | B24: 017100000080000 | C24: 激光辅助操作费 | D24: 通过激光实现切割、凝固或气化组织等操作，辅助完成手术或治疗。 | E24: 所定价格涵盖设备准备、参数调节、激光操作、撤除、处理用物等步骤所需的人力资源、可复用光纤、设备运转成本与基本物质资源消耗。 | H24: 次 | I24: 医疗机构使用一次性光纤的，按零差率销售，不得收取“激光辅助操作费”。 | J24: 400 | K24: 400 | L24: 400 | M24: 乙类 | N24: 0.2 | O24: =K24/J24 -> 1 | P24: =L24/K24 -> 1 | Q24: =VLOOKUP(B24,[1]清稿!$B$3:$C$46,2,0) -> 激光辅助操作费 | R24: =C24=Q24 -> TRUE | S24: =VLOOKUP(B24,[2]Sheet1!$B$3:$T$50,18,0) -> 乙类 | T24: =VLOOKUP(B24,[2]Sheet1!$B$3:$T$50,19,0) -> 0.2 | U24: =M24=S24 -> TRUE | V24: =N24=T24 -> TRUE
A25: 20 | B25: 017100000090000 | C25: 飞秒激光辅助操作费 | D25: 通过飞秒激光实现切割、凝固或气化组织等操作，辅助完成手术或治疗。 | E25: 所定价格涵盖设备准备、参数调节、激光操作、撤除、处理用物等步骤所需的人力资源，以及配套耗材、设备运转成本与基本物质资源消耗。 | H25: 次 | I25: 用于辅助眼科手术时，单侧为1次 | J25: 3000 | K25: 2700 | L25: 2430 | M25: 丙类 | N25: 1 | O25: =K25/J25 -> 0.9 | P25: =L25/K25 -> 0.9 | Q25: =VLOOKUP(B25,[1]清稿!$B$3:$C$46,2,0) -> 飞秒激光辅助操作费 | R25: =C25=Q25 -> TRUE | S25: =VLOOKUP(B25,[2]Sheet1!$B$3:$T$50,18,0) -> 丙类 | T25: =VLOOKUP(B25,[2]Sheet1!$B$3:$T$50,19,0) -> 1 | U25: =M25=S25 -> TRUE | V25: =N25=T25 -> TRUE
A26: 21 | B26: 017100000100000 | C26: 准分子激光辅助操作费 | D26: 通过准分子激光实现切割、凝固或气化组织等操作，辅助完成手术或治疗。 | E26: 所定价格涵盖设备准备、参数调节、激光操作、撤除、处理用物等步骤所需的人力资源，以及配套耗材、设备运转成本与基本物质资源消耗。 | H26: 次 | I26: 用于辅助眼科手术时，单侧为1次 | J26: 500 | K26: 450 | L26: 405 | M26: 丙类 | N26: 1 | O26: =K26/J26 -> 0.9 | P26: =L26/K26 -> 0.9 | Q26: =VLOOKUP(B26,[1]清稿!$B$3:$C$46,2,0) -> 准分子激光辅助操作费 | R26: =C26=Q26 -> TRUE | S26: =VLOOKUP(B26,[2]Sheet1!$B$3:$T$50,18,0) -> 丙类 | T26: =VLOOKUP(B26,[2]Sheet1!$B$3:$T$50,19,0) -> 1 | U26: =M26=S26 -> TRUE | V26: =N26=T26 -> TRUE
A27: 22 | B27: 017100000110000 | C27: 射频辅助操作费 | D27: 通过高频交流电产生热效应，实现组织坏死或气化等操作，辅助完成手术或治疗。 | E27: 所定价格涵盖设备准备、参数调节、射频操作、处理用物等步骤所需的人力资源、可复用刀具、设备运转成本与基本物质资源消耗。 | H27: 次 | I27: 1.医疗机构使用一次性刀具的，按零差率销售，不得收取“射频辅助操作费”。 2.同一复用刀具有多种辅助操作功能的，医疗机构实际收费时，按收费标准最高的医疗服务价格项目计费，不叠加计费。 | J27: 100 | K27: 100 | L27: 100 | M27: 丙类 | N27: 1 | O27: =K27/J27 -> 1 | P27: =L27/K27 -> 1 | Q27: =VLOOKUP(B27,[1]清稿!$B$3:$C$46,2,0) -> 射频辅助操作费 | R27: =C27=Q27 -> TRUE | S27: =VLOOKUP(B27,[2]Sheet1!$B$3:$T$50,18,0) -> 丙类 | T27: =VLOOKUP(B27,[2]Sheet1!$B$3:$T$50,19,0) -> 1 | U27: =M27=S27 -> TRUE | V27: =N27=T27 -> TRUE
A28: 23 | B28: 017100000120000 | C28: 微波辅助操作费 | D28: 通过高频电磁波产生热效应，实现组织坏死或气化等操作，辅助完成手术或治疗。 | E28: 所定价格涵盖设备准备、参数调节、微波操作、处理用物等步骤所需的人力资源、可复用刀具、设备运转成本与基本物质资源消耗。 | H28: 次 | I28: 1.医疗机构使用一次性刀具的，按零差率销售，不得收取“微波辅助操作费”。 2.同一复用刀具有多种辅助操作功能的，医疗机构实际收费时，按收费标准最高的医疗服务价格项目计费，不叠加计费。 | J28: 700 | K28: 700 | L28: 700 | M28: 丙类 | N28: 1 | O28: =K28/J28 -> 1 | P28: =L28/K28 -> 1 | Q28: =VLOOKUP(B28,[1]清稿!$B$3:$C$46,2,0) -> 微波辅助操作费 | R28: =C28=Q28 -> TRUE | S28: =VLOOKUP(B28,[2]Sheet1!$B$3:$T$50,18,0) -> 丙类 | T28: =VLOOKUP(B28,[2]Sheet1!$B$3:$T$50,19,0) -> 1 | U28: =M28=S28 -> TRUE | V28: =N28=T28 -> TRUE
A29: 24 | B29: 017100000130000 | C29: 冷冻辅助操作费 | D29: 通过冷冻介质，迅速冷却组织，使组织坏死或气化，辅助完成手术或治疗。 | E29: 所定价格涵盖设备准备、参数调节、冷冻操作、处理用物等步骤所需的人力资源、可复用刀具、设备运转成本与基本物质资源消耗。 | H29: 次 | I29: 1.医疗机构使用一次性刀具的，按零差率销售，不得收取“冷冻辅助操作费”。 2.同一复用刀具有多种辅助操作功能的，医疗机构实际收费时，按收费标准最高的医疗服务价格项目计费，不叠加计费。 | J29: 100 | K29: 100 | L29: 100 | M29: 乙类 | N29: 0.2 | O29: =K29/J29 -> 1 | P29: =L29/K29 -> 1 | Q29: =VLOOKUP(B29,[1]清稿!$B$3:$C$46,2,0) -> 冷冻辅助操作费 | R29: =C29=Q29 -> TRUE | S29: =VLOOKUP(B29,[2]Sheet1!$B$3:$T$50,18,0) -> 乙类 | T29: =VLOOKUP(B29,[2]Sheet1!$B$3:$T$50,19,0) -> 0.2 | U29: =M29=S29 -> TRUE | V29: =N29=T29 -> TRUE
A30: 25 | B30: 017200000010000 | C30: 微动力辅助操作费 | D30: 通过微动力设备，实现组织切削、打磨等操作，辅助完成手术或治疗。 | E30: 所定价格涵盖设备准备、参数调节、切割吸引、撤除、处理用物等步骤所需的人力资源、可复用刀具、设备运转成本与基本物质资源消耗。 | H30: 次 | I30: 1.医疗机构使用一次性刀具的，按零差率销售，不得收取“微动力辅助操作费”。 2.同一复用刀具有多种辅助操作功能的，医疗机构实际收费时，按收费标准最高的医疗服务价格项目计费，不叠加计费。 | J30: 1300 | K30: 1300 | L30: 1300 | M30: 丙类 | N30: 1 | O30: =K30/J30 -> 1 | P30: =L30/K30 -> 1 | Q30: =VLOOKUP(B30,[1]清稿!$B$3:$C$46,2,0) -> 微动力辅助操作费 | R30: =C30=Q30 -> TRUE | S30: =VLOOKUP(B30,[2]Sheet1!$B$3:$T$50,18,0) -> 丙类 | T30: =VLOOKUP(B30,[2]Sheet1!$B$3:$T$50,19,0) -> 1 | U30: =M30=S30 -> TRUE | V30: =N30=T30 -> TRUE
A31: 26 | B31: 017200000020000 | C31: 微动力辅助操作费（口腔） | D31: 通过口腔微动力设备，实现组织切削、打磨等操作，辅助完成口腔手术或治疗。 | E31: 所定价格涵盖设备准备、参数调节、切割打磨、撤除、处理用物等步骤所需的人力资源、可复用刀具、设备运转成本与基本物质资源消耗。 | H31: 次 | I31: 1.医疗机构使用一次性刀具的，按零差率销售，不得收取“微动力辅助操作费（口腔）”。 2.同一复用刀具有多种辅助操作功能的，医疗机构实际收费时，按收费标准最高的医疗服务价格项目计费，不叠加计费。 | J31: 170 | K31: 170 | L31: 170 | M31: 丙类 | N31: 1 | O31: =K31/J31 -> 1 | P31: =L31/K31 -> 1 | Q31: =VLOOKUP(B31,[1]清稿!$B$3:$C$46,2,0) -> 微动力辅助操作费（口腔） | R31: =C31=Q31 -> TRUE | S31: =VLOOKUP(B31,[2]Sheet1!$B$3:$T$50,18,0) -> 丙类 | T31: =VLOOKUP(B31,[2]Sheet1!$B$3:$T$50,19,0) -> 1 | U31: =M31=S31 -> TRUE | V31: =N31=T31 -> TRUE
A32: 27 | B32: 017100000140000 | C32: 水动力辅助操作费 | D32: 通过高压液流，实现切割、清创等操作，辅助完成手术或治疗。 | E32: 所定价格涵盖设备准备、参数调节、切割吸引、撤除、处理用物等步骤所需的人力资源、可复用刀具、设备运转成本与基本物质资源消耗。 | H32: 次 | I32: 1.医疗机构使用一次性刀具的，按零差率销售，不得收取“水动力辅助操作费”。 2.同一复用刀具有多种辅助操作功能的，医疗机构实际收费时，按收费标准最高的医疗服务价格项目计费，不叠加计费。 | J32: 500 | K32: 450 | L32: 400 | M32: 丙类 | N32: 1 | O32: =K32/J32 -> 0.9 | P32: =L32/K32 -> 0.88888889 | Q32: =VLOOKUP(B32,[1]清稿!$B$3:$C$46,2,0) -> 水动力辅助操作费 | R32: =C32=Q32 -> TRUE | S32: =VLOOKUP(B32,[2]Sheet1!$B$3:$T$50,18,0) -> 丙类 | T32: =VLOOKUP(B32,[2]Sheet1!$B$3:$T$50,19,0) -> 1 | U32: =M32=S32 -> TRUE | V32: =N32=T32 -> TRUE
A33: 28 | B33: 017300000030000 | C33: X线透视引导辅助操作费（平扫） | D33: 通过普通X线透视为手术或治疗操作提供可视化条件。 | E33: 所定价格涵盖设备准备、透视、引导、撤除、处理用物等步骤所需的人力资源、设备运转成本与基本物质资源消耗。 | H33: 半小时 | I33: 1.时间以引导实际使用时间为准。操作过程中不与相应部位X线检查同时收取。 2.单次引导以半小时为基础计价，超出部分每增加半小时按50%叠加计价，每次计价一类价格封顶140元、二类价格封顶120元、三类价格封顶100元。 | J33: 70 | K33: 60 | L33: 50 | M33: 乙类 | N33: 0.3 | O33: =K33/J33 -> 0.85714286 | P33: =L33/K33 -> 0.83333333 | Q33: =VLOOKUP(B33,[1]清稿!$B$3:$C$46,2,0) -> X线透视引导辅助操作费（平扫） | R33: =C33=Q33 -> TRUE | S33: =VLOOKUP(B33,[2]Sheet1!$B$3:$T$50,18,0) -> 乙类 | T33: =VLOOKUP(B33,[2]Sheet1!$B$3:$T$50,19,0) -> 0.3 | U33: =M33=S33 -> TRUE | V33: =N33=T33 -> TRUE
A34: 29 | B34: 017300000040000 | C34: X线透视引导辅助操作费（机械臂-二维成像） | D34: 通过各种类型机械臂扫描形成二维图像，为手术或治疗操作提供可视化条件。 | E34: 所定价格涵盖设备准备、透视、引导、撤除、处理用物，及必要时进行三维重建等步骤所需的人力资源、设备运转成本与基本物质资源消耗。 | H34: 半小时 | I34: 1.计价时间以引导实际使用时间为准。操作过程中不与相应部位X线检查同时收取。 2.单次引导以半小时为基础计价，超出部分每增加半小时按50%叠加计价，每次计价一类价格封顶450元、二类价格封顶400元、三类价格封顶360元。 | J34: 225 | K34: 200 | L34: 180 | M34: 乙类 | N34: 0.3 | O34: =K34/J34 -> 0.88888889 | P34: =L34/K34 -> 0.9 | Q34: =VLOOKUP(B34,[1]清稿!$B$3:$C$46,2,0) -> X线透视引导辅助操作费（机械臂-二维成像） | R34: =C34=Q34 -> TRUE | S34: =VLOOKUP(B34,[2]Sheet1!$B$3:$T$50,18,0) -> 乙类 | T34: =VLOOKUP(B34,[2]Sheet1!$B$3:$T$50,19,0) -> 0.3 | U34: =M34=S34 -> TRUE | V34: =N34=T34 -> TRUE
... A38: 33 | B38: 017300000080000 | C38: 磁共振引导辅助操作费 | D38: 通过磁共振引导，为手术或治疗操作提供可视化条件。 | E38: 所定价格涵盖设备准备、扫描、引导、撤除、处理用物等步骤所需的人力资源、设备运转成本与基本物质资源消耗。 | H38: 半小时 | I38: 1.操作过程中不与相应部位磁共振（MR）检查同时收取。 2.计价时间以引导实际使用时间为准。 3.单次引导以半小时为基础计价，超出部分每增加半小时按50%叠加计价，每次计价一类价格封顶810元、二类价格封顶730元、三类价格封顶650元。 | J38: 405 | K38: 365 | L38: 325 | M38: 乙类 | N38: 0.3 | O38: =K38/J38 -> 0.90123457 | P38: =L38/K38 -> 0.89041096 | Q38: =VLOOKUP(B38,[1]清稿!$B$3:$C$46,2,0) -> 磁共振引导辅助操作费 | R38: =C38=Q38 -> TRUE | S38: =VLOOKUP(B38,[2]Sheet1!$B$3:$T$50,18,0) -> 乙类 | T38: =VLOOKUP(B38,[2]Sheet1!$B$3:$T$50,19,0) -> 0.3 | U38: =M38=S38 -> TRUE | V38: =N38=T38 -> TRUE
A39: 34 | B39: 017300000090000 | C39: 超声引导辅助操作费（治疗） | D39: 通过超声技术，为治疗提供可视化条件。 | E39: 所定价格涵盖设备准备、超声引导、撤除、处理用物等步骤所需的人力资源、设备运转成本与基本物质资源消耗。 | F39: 01彩色多普勒超声加收 11便携式超声引导减收 | H39: 10分钟 | I39: 1.计价时间以引导实际使用时间为准。操作过程中不与相应部位超声检查同时收取。 2.单次引导以10分钟为基础计价，超出时间每增加10分钟按60%叠加计价，每次计价一类价格封顶77元、二类价格封顶66元、三类价格封顶55元。 | J39: 35 | K39: 30 | L39: 25 | M39: 乙类 | N39: 0.3 | O39: =K39/J39 -> 0.85714286 | P39: =L39/K39 -> 0.83333333 | Q39: =VLOOKUP(B39,[1]清稿!$B$3:$C$46,2,0) -> 超声引导辅助操作费（治疗） | R39: =C39=Q39 -> TRUE | S39: =VLOOKUP(B39,[2]Sheet1!$B$3:$T$50,18,0) -> 乙类 | T39: =VLOOKUP(B39,[2]Sheet1!$B$3:$T$50,19,0) -> 0.3 | U39: =M39=S39 -> TRUE | V39: =N39=T39 -> TRUE
A40: 35 | B40: 017300000090001 | C40: 超声引导辅助操作费（治疗）-彩色多普勒超声（加收100%） | I40: 1.计价时间以引导实际使用时间为准。操作过程中不与相应部位超声检查同时收取。 2.单次引导以10分钟为基础计价，超出时间每增加10分钟按60%叠加计价，每次计价一类价格封顶77元、二类价格封顶66元、三类价格封顶55元。 | J40: 35 | K40: 30 | L40: 25 | M40: 乙类 | N40: 0.3 | O40: =K40/J40 -> 0.85714286 | P40: =L40/K40 -> 0.83333333 | Q40: =VLOOKUP(B40,[1]清稿!$B$3:$C$46,2,0) -> #N/A | R40: =C40=Q40 -> #N/A | S40: =VLOOKUP(B40,[2]Sheet1!$B$3:$T$50,18,0) -> #N/A | T40: =VLOOKUP(B40,[2]Sheet1!$B$3:$T$50,19,0) -> #N/A | U40: =M40=S40 -> #N/A | V40: =N40=T40 -> #N/A
A41: 36 | B41: 017300000090011 | C41: 超声引导辅助操作费（治疗）-便携式超声引导（减收） | I41: 计价时间以引导实际使用时间为准。操作过程中不与相应部位超声检查同时收取。单次引导减收15元。 | J41: -15 | K41: -15 | L41: -15 | M41: 乙类 | N41: 0.3 | O41: =K41/J41 -> 1 | P41: =L41/K41 -> 1 | Q41: =VLOOKUP(B41,[1]清稿!$B$3:$C$46,2,0) -> #N/A | R41: =C41=Q41 -> #N/A | S41: =VLOOKUP(B41,[2]Sheet1!$B$3:$T$50,18,0) -> #N/A | T41: =VLOOKUP(B41,[2]Sheet1!$B$3:$T$50,19,0) -> #N/A | U41: =M41=S41 -> #N/A | V41: =N41=T41 -> #N/A
A42: 37 | B42: 017300000100000 超声引导辅助操作费（手术） | C42: 超声引导辅助操作费（手术） | D42: 通过超声技术，为手术提供可视化条件。 | E42: 所定价格涵盖设备准备、超声引导、撤除、处理用物等步骤所需的人力资源、设备运转成本与基本物质资源消耗。 | F42: 01彩色多普勒超声加收 11便携式超声引导减收 | H42: 半小时 | I42: 1.计价时间以引导实际使用时间为准。操作过程中不与相应部位超声检查同时收取。 2.单次引导以半小时为基础计价，超出部分每增加半小时按50%叠加计价，每次计价一类价格封顶520元、二类价格封顶440元、三类价格封顶360元。 | J42: 260 | K42: 220 | L42: 180 | M42: 乙类 | N42: 0.3 | O42: =K42/J42 -> 0.84615385 | P42: =L42/K42 -> 0.81818182 | Q42: =VLOOKUP(B42,[1]清稿!$B$3:$C$46,2,0) -> 超声引导辅助操作费（手术） | R42: =C42=Q42 -> TRUE | S42: =VLOOKUP(B42,[2]Sheet1!$B$3:$T$50,18,0) -> 乙类 | T42: =VLOOKUP(B42,[2]Sheet1!$B$3:$T$50,19,0) -> 0.3 | U42: =M42=S42 -> TRUE | V42: =N42=T42 -> TRUE
A43: 38 | B43: 017300000100001 | C43: 超声引导辅助操作费（手术）-彩色多普勒超声（加收100%） | I43: 1.计价时间以引导实际使用时间为准。操作过程中不与相应部位超声检查同时收取。 2.单次引导以半小时为基础计价，超出部分每增加半小时按50%叠加计价，每次计价一类价格封顶520元、二类价格封顶440元、三类价格封顶360元。 | J43: 260 | K43: 220 | L43: 180 | M43: 乙类 | N43: 0.3 | O43: =K43/J43 -> 0.84615385 | P43: =L43/K43 -> 0.81818182 | Q43: =VLOOKUP(B43,[1]清稿!$B$3:$C$46,2,0) -> #N/A | R43: =C43=Q43 -> #N/A | S43: =VLOOKUP(B43,[2]Sheet1!$B$3:$T$50,18,0) -> #N/A | T43: =VLOOKUP(B43,[2]Sheet1!$B$3:$T$50,19,0) -> #N/A | U43: =M43=S43 -> #N/A | V43: =N43=T43 -> #N/A
A44: 39 | B44: 017300000100011 | C44: 超声引导辅助操作费（手术）-便携式超声引导（减收） | I44: 计价时间以引导实际使用时间为准。操作过程中不与相应部位超声检查同时收取。单次引导减收50元。 | J44: -50 | K44: -50 | L44: -50 | M44: 乙类 | N44: 0.3 | O44: =K44/J44 -> 1 | P44: =L44/K44 -> 1 | Q44: =VLOOKUP(B44,[1]清稿!$B$3:$C$46,2,0) -> #N/A | R44: =C44=Q44 -> #N/A | S44: =VLOOKUP(B44,[2]Sheet1!$B$3:$T$50,18,0) -> #N/A | T44: =VLOOKUP(B44,[2]Sheet1!$B$3:$T$50,19,0) -> #N/A | U44: =M44=S44 -> #N/A | V44: =N44=T44 -> #N/A
A45: 40 | B45: 017400000010000 | C45: 手术机械臂辅助操作费（导航） | D45: 通过手术机械臂平台，操控手术器械，参与导航、定位等引导操作。 | E45: 所定价格涵盖设备准备、体位摆放、制定计划、导航、定位、撤除、处理用物、数据处理与上传存储（含数字方式）等步骤所需的人力资源、以及配套使用的器械耗材、设备运转成本与基本物质资源消耗。 | H45: 次 | I45: 1.操作过程中不与引导费用、“手术路径导航辅助操作费”同时收取。 2.单台设备同时具备导航、部分执行、精准执行中的两项或三项功能的，医疗机构实际收费时，按收费标准最高的医疗服务价格项目计费，不叠加计费。 3.本项目收费标准与主手术对应价格项目挂钩，按主手术项目价格的50%计价，每例手术限计价一次，达不到政府指导价的按政府指导价计价，每次计价一类价格封顶3600元、二类价格封顶3240元、三类价格封顶2920元。 4.医疗机构未上传医疗数据和设备运行记录的，应执行减收政策，减收标准100元。 | J45: 1800 | K45: 1620 | L45: 1460 | M45: 丙类 | N45: 1 | O45: =K45/J45 -> 0.9 | P45: =L45/K45 -> 0.90123457 | Q45: =VLOOKUP(B45,[1]清稿!$B$3:$C$46,2,0) -> 手术机械臂辅助操作费（导航） | R45: =C45=Q45 -> TRUE | S45: =VLOOKUP(B45,[2]Sheet1!$B$3:$T$50,18,0) -> 丙类 | T45: =VLOOKUP(B45,[2]Sheet1!$B$3:$T$50,19,0) -> 1 | U45: =M45=S45 -> TRUE | V45: =N45=T45 -> TRUE
A46: 41 | B46: 017100000150000 | C46: 手术机械臂辅助操作费（参与执行） | D46: 通过手术机械臂平台，以映射控制的方式，辅助医务人员操控手术器械，参与完成构建通道、打孔或切割中的一个或若干个手术步骤。 | E46: 所定价格涵盖设备准备、体位摆放、制定计划、导航、定位、探查、调节、控制机械臂完成部分手术操作、撤除、处理用物、数据处理与上传存储（含数字方式）等步骤所需的人力资源、以及配套使用的器械耗材、设备运转成本与基本物质资源消耗。 | H46: 次 | I46: 1.操作过程中不与引导费用、“手术路径导航辅助操作费”同时收取。 2.单台设备同时具备导航、部分执行、精准执行中的两项或三项功能的，医疗机构实际收费时，按收费标准最高的医疗服务价格项目计费，不叠加计费。 3.本项目收费标准与主手术对应价格项目挂钩，按主手术项目价格的150%计价，每例手术限计价一次，达不到政府指导价的按政府指导价计价，每次计价一类价格封顶12000元、二类价格封顶10800元、三类价格封顶9720元。 4.医疗机构未上传医疗数据和设备运行记录的，应执行减收政策，减收标准100元。 | J46: 5000 | K46: 4500 | L46: 4050 | M46: 丙类 | N46: 1 | O46: =K46/J46 -> 0.9 | P46: =L46/K46 -> 0.9 | Q46: =VLOOKUP(B46,[1]清稿!$B$3:$C$46,2,0) -> 手术机械臂辅助操作费（参与执行） | R46: =C46=Q46 -> TRUE | S46: =VLOOKUP(B46,[2]Sheet1!$B$3:$T$50,18,0) -> 丙类 | T46: =VLOOKUP(B46,[2]Sheet1!$B$3:$T$50,19,0) -> 1 | U46: =M46=S46 -> TRUE | V46: =N46=T46 -> TRUE
A47: 42 | B47: 017100000160000 | C47: 手术机械臂辅助操作费（精准执行） | D47: 通过手术机械臂平台，以映射控制的方式，辅助医务人员操控手术器械精准完成手术的全部步骤，或精准完成手术中器官、组织的切除、重建、修复等全部关键步骤。 | E47: 所定价格涵盖设备准备、体位摆放、制定计划、导航、定位、探查、调节、控制机械臂完成手术操作、撤除、处理用物、数据处理与上传存储（含数字方式）等步骤所需的人力资源、以及配套使用的器械耗材、设备运转成本与基本物质资源消耗。 | H47: 次 | I47: 1.操作过程中不与引导费用、“手术路径导航辅助操作费”同时收取。 2.单台设备同时具备导航、部分执行、精准执行中的两项或三项功能的，医疗机构实际收费时，按收费标准最高的医疗服务价格项目计费，不叠加计费。 3.本项目收费标准与主手术对应价格项目挂钩，按主手术项目价格的300%计价，每例手术限计价一次，达不到政府指导价的按政府指导价计价，每次计价一类价格封顶26000元、二类价格封顶23400元、三类价格封顶21000元。 4.医疗机构未上传医疗数据和设备运行记录的，应执行减收政策，减收标准100元。 | J47: 16000 | K47: 14000 | L47: 12500 | M47: 丙类 | N47: 1 | O47: =K47/J47 -> 0.875 | P47: =L47/K47 -> 0.89285714 | Q47: =VLOOKUP(B47,[1]清稿!$B$3:$C$46,2,0) -> 手术机械臂辅助操作费（精准执行） | R47: =C47=Q47 -> TRUE | S47: =VLOOKUP(B47,[2]Sheet1!$B$3:$T$50,18,0) -> 丙类 | T47: =VLOOKUP(B47,[2]Sheet1!$B$3:$T$50,19,0) -> 1 | U47: =M47=S47 -> TRUE | V47: =N47=T47 -> TRUE
A48: 43 | B48: 017100000170000 | C48: 远程手术辅助操作费 | D48: 通过计算机平台远程操控手术器械，精准完成手术的全部步骤，或精准完成手术中器官、组织的切除、重建、修复等全部关键步骤。 | E48: 所定价格涵盖设备准备、体位摆放、制定计划、导航、定位、探查、调节、控制机械臂完成手术操作、撤除、处理用物、数据处理与上传存储（含数字方式）等步骤所需的人力资源、以及配套使用的器械耗材、设备运转成本与基本物质资源消耗。 | H48: 次 | I48: 1.操作过程中不与引导费用、“手术路径导航辅助操作费”“手术机械臂辅助操作费”同时收取。 2.本项目收费标准与主手术对应价格项目挂钩，以患者接受手术的地区价格为基数，按主手术项目价格的500%计价，每例手术限计价一次，达不到政府指导价的按政府指导价计价，每次计价一类价格封顶37000元、二类价格封顶33000元、三类价格封顶30000元。 3.医疗机构未上传医疗数据和设备运行记录的，应执行减收政策，减收标准100元。 4.远程指跨地市且距离超过300公里。 | J48: 20000 | K48: 18000 | L48: 16200 | M48: 丙类 | N48: 1 | O48: =K48/J48 -> 0.9 | P48: =L48/K48 -> 0.9 | Q48: =VLOOKUP(B48,[1]清稿!$B$3:$C$46,2,0) -> 远程手术辅助操作费 | R48: =C48=Q48 -> TRUE | S48: =VLOOKUP(B48,[2]Sheet1!$B$3:$T$50,18,0) -> 丙类 | T48: =VLOOKUP(B48,[2]Sheet1!$B$3:$T$50,19,0) -> 1 | U48: =M48=S48 -> TRUE | V48: =N48=T48 -> TRUE
A49: 使用说明： 1.5个3D打印项目价格构成里所指的物料消耗，包括但不限于塑料、树脂、金属粉末、生物墨水、细胞等3D打印材料。 2.根据《深化医疗服务价格改革试点方案》（医保发〔2021〕41号）关于“厘清价格项目与临床诊疗技术规范、医疗机构成本要素、不同应用场景和收费标准等的政策边界。分类整合现行价格项目，实现价格项目与操作步骤、诊疗部位等技术细节脱钩，增强现行价格项目对医疗技术和医疗活动改良创新的兼容性”的要求，服务产出相同的一类项目在操作层面存在差异，但在价格项目和定价水平层面具备合并同类项的条件，立项指南对此进行合并。所定价格属于政府指导价为最高限价，下浮不限。同时，医疗机构申报的技术改良进步项目，采取“现有项目兼容”方式处理，由省级医疗保障部门明确可对应执行的项目。 3.本立项指南所称“价格构成”，指项目价格应涵盖的各类资源消耗，用于确定计价单元的边界，是省市级医保部门制定调整项目价格的测算因子，不应作为临床技术标准理解，不是实际操作方式、路径、步骤、程序的强制性要求，价格构成中包含但临床实践中非必要、未发生的，无需强制要求公立医疗机构减计费用。所列“设备运转成本”包括但不限于操作设备、器具及固定资产投入。 4.本立项指南所称“加收项”，指同一项目以不同方式提供或在不同场景应用时，确有必要制定差异化收费标准而细分的一类子项，包括在原项目价格基础上增加或减少收费的情况；实际应用中，同时涉及多个加收项的，以项目单价为基础计算相应的加/减收水平后，据实收费。 5.本立项指南所称“扩展项”，指同一项目下以不同方式提供或在不同场景应用时，只扩展价格项目适用范围、不额外加价的一类子项，子项的价格按主项目执行。 6.本立项指南所称“基本物质资源消耗”，指原则上限于不应或不必要与医疗服务项目分割的易耗品，包括但不限于各类消杀灭菌用品、储存用品、清洁用品、个人防护用品、标签、垃圾处理用品、润滑剂、治疗巾（单）、棉球、棉签、纱布（垫）、普通绷带、固定带、治疗护理盘（包）、普通注射器、护（尿）垫、中单、冲洗工具、备皮工具、耦合剂、无菌罩、软件（版权、开发、购买）成本等。基本物质资源消耗成本计入项目价格，不另行收费。除基本物质资源消耗以外的其他耗材，立项指南落地前价格项目除外内容的可收费医用耗材以及计价说明规定的一次性刀具、一次性光纤，按照实际采购价格零差率销售。 7.本立项指南价格构成中所称“穿刺”为主项操作涉及的必要穿刺技术，价格构成中的穿刺操作不可收取相关费用；独立穿刺项目可按相应治疗价格项目收取。 8.本立项指南中涉及“包括……”“…… 等”的，属于开放型表述，所指对象不仅局限于表述中列明的事项，也包括未列明的同类事项。 9.本立项指南所设立价格项目为通用项目，已在其他类别立项指南特定学科中单独设立价格项目的，优先执行特定学科的价格项目。 10.医疗机构开展相关“医学3D重建辅助操作”“手术路径导航辅助操作”“手术机械臂辅助操作”“远程手术辅助操作”的，需保存并上传符合要求的医疗数据和设备运行记录，未提供上传数据和存储服务的，执行减收政策，减收标准100元。远程手术辅助操作费收费标准与主手术对应价格项目挂钩，以患者接受手术的地区价格为基数计费，患者接受手术的地区指的是患者办理门诊、住院手续所在地区。 11.临床实践中，手术和治疗的操作多需辅助操作技术伴随进行，“医疗服务价格项目立项指南”中，对于应用辅助操作技术的手术或治疗合并设置了专门项目的，医疗机构按照立项指南专门项目收费，不得重复收取辅助操作费。例如，“心脏直视消融费”的价格构成已包含射频消融，不得重复收取“射频辅助操作费”;对于应用辅助操作技术的手术或治疗未合并设置专门项目的，医疗机构按照“手术/治疗价格”+“辅助操作费”的方式收费，无需另行申报新增医疗服务价格项目。

Sheet 废止表1
A1: 附件2-1
A2: 湖南省手术和治疗辅助操作类医疗服务价格项目废止表
A3: 注：1.废止《关于规范手术机器人辅助操作系统使用和收费行为的通知》（湘医保发〔2022〕46号）；2.废止《关于同意继续试行 3D 打印手术模型收费的批复》(湘医保价服函〔2024〕28号)。
A4: 序号 | B4: 财务分类代码 | C4: 国家项目代码 | D4: 国家项目名称 | E4: 地方项目代码 | F4: 地方项目名称 | G4: 地方项目内涵（或章节说明） | H4: 除外内容 | I4: 计价单位 | J4: 计价说明 | K4: 一类价格（元） | L4: 备注
A5: 1 | E5: 3302 | F5: 2．神经系统手术 | I5: / | J5: 使用汽钻头（指一次性磨钻头、铣刀）每次手术加收120元 | K5: /
A6: 2 | E6: 3311 | F6: 11．泌尿系统手术 | H6: 特殊尿管、网状支架、取石网篮、一次性泌尿介入激光光纤、泌尿介入鞘、电切环 | I6: / | J6: 电汽加收800元，电切法加收500元。 | K6: /
A7: 3 | B7: E | C7: 003105110180000 | D7: 显微根管治疗术 | E7: 310511018 | F7: 显微根管治疗术 | G7: 显微镜下复杂根管治疗、根尖屏障制备等分别参照执行 | I7: 每根管 | J7: 使用特殊仪器加收50% | K7: 308 | L7: 湘医保发[2019]39号
A8: 4 | B8: G | C8: 003306040320000 | D8: 显微根管外科手术 | E8: 330604032 | F8: 显微根管外科手术 | G8: 显微镜下的进行根管内外修复及根尖手术分别参照执行 | I8: 每根管 | K8: 455
A9: 5 | B9: E | C9: 003114000320000 | D9: 脉冲激光治疗 | E9: 311400059 | F9: 准分子激光治疗皮肤病 | G9: 核对医嘱，排除禁忌症，告知治疗前后的注意事项及可能发生的并发症和处理方法。摆位，暴露照射部位皮肤，评估皮肤，用治疗巾遮盖周围正常皮肤，戴防护眼镜，启动仪器调试好准确的治疗参数，将仪器的治疗头对准皮损部位根据面积大小分次照射。 | I9: 每平方厘米 | K9: 10
A10: 6 | B10: G | C10: 003315010350000 | D10: 经皮椎间盘吸引术 | E10: 331501061 | F10: 经皮脉冲激光椎间盘减压术 | H10: 一次性光纤、特殊穿刺针 | I10: 次 | K10: 2600
A11: 7 | B11: E | C11: 003112010670000 | D11: 经宫腔输卵管镜检查 | E11: 311201067 | F11: 经宫腔镜输卵管镜治疗 | G11: 取出术前放置的宫颈扩张棒，消毒铺巾，留置导尿，器械准备，拿取灭菌好的输卵管镜、宫腔镜部件，连接部件并与气腹机膨宫、光源、主机、电凝装置连接，放置窥器暴露宫颈，再次消毒阴道、宫颈，适当扩张宫颈放置带操作孔道的宫腔镜，常规探查宫腔情况，确定双侧输卵管开口，经宫腔镜操作孔道放置输卵管镜，并在宫腔镜直视下送入输卵管开口内，探查输卵管腔内情况，明确输卵管病变原因，进行相应的治疗，如粘连分离、息肉摘除等，术毕再次消毒宫颈、阴道。 | I11: 次 | K11: 1452
A12: 8 | B12: E | C12: 003105140030000 | D12: 口腔粘膜病特殊治疗 | E12: 310514003 | F12: 口腔粘膜病特殊治疗 | G12: 指冷冻法 | I12: 每部位 | J12: 红外线、微波、频谱等法分别加收100% | K12: 12
A13: 9 | B13: D | C13: 002101010030000 | D13: 床旁透视与术中透视 | E13: 210101003 | F13: 床旁透视与术中透视 | G13: 透视下定位参照执行 | I13: 半小时 | K13: 40
A14: 10 | B14: D | C14: 002101010040000 | D14: C型臂术中透视 | E14: 210101004 | F14: C型臂术中透视 | G14: 透视下定位参照执行 | I14: 半小时 | K14: 80
A15: 11 | B15: D | C15: 002101020170000 | D15: 非血管介入临床操作数字减影(DSA)引导 | E15: 210102016 | F15: 非血管介入临床操作数字减影(DSA)引导 | I15: 半小时 | K15: 150
A16: 12 | B16: D | C16: 002102000090000 | D16: 临床操作的磁共振引导 | E16: 210200009 | F16: 临床操作的磁共振引导 | I16: 每半 小时 | J16: 不足半小时按半小时计 | K16: 270 | L16: 湘医保发[2021]70号
A17: 13 | B17: D | C17: 002103000050000 | D17: 临床操作的CT引导 | E17: 210300005 | F17: 临床操作的螺旋CT引导 | I17: / | J17: 不足半小时按半小时计 | K17: / | L17: 湘医保发[2021]70号
A18: 14 | B18: D | C18: 002103000050000 | D18: 临床操作的CT引导 | E18: 210300005-1 | F18: 特等 | I18: 半小时 | K18: 260 | L18: 湘医保发[2021]70号
A19: 15 | B19: D | C19: 002103000050000 | D19: 临床操作的CT引导 | E19: 210300005-2 | F19: A等 | I19: 半小时 | K19: 235 | L19: 湘医保发[2021]70号
A20: 16 | B20: D | C20: 002103000050000 | D20: 临床操作的CT引导 | E20: 210300005-3 | F20: B等 | I20: 半小时 | K20: 155 | L20: 湘医保发[2021]70号
A21: 17 | B21: D | C21: 002103000050000 | D21: 临床操作的CT引导 | E21: 210300005-4 | F21: C等 | I21: 半小时 | K21: 130 | L21: 湘医保发[2021]70号
A22: 18 | B22: D | C22: 002201000020000 | D22: 临床操作的A超引导 | E22: 220100002 | F22: 临床操作的A超引导 | I22: 半小时 | K22: 未定
A23: 19 | B23: D | C23: 002202010090000 | D23: 临床操作的B超引导 | E23: 220201009 | F23: 临床操作的B超引导 | I23: 半小时 | K23: 40
A24: 20 | B24: D | C24: 002202020030000 | D24: 临床操作的腔内B超引导 | E24: 220202003 | F24: 临床操作的腔内B超引导 | I24: 半小时 | K24: 90
A25: 21 | B25: D | C25: 002203020120000 | D25: 临床操作的彩色多普勒超声引导 | E25: 220302012 | F25: 临床操作的彩色多普勒超声引导 | I25: 半小时 | K25: 120

Sheet 废止表2
A1: 附件2-2
A2: 湖南省辅助操作类医疗服务价格项目废止表续
A3: 序号 | B3: 项目编码 | C3: 项目名称 | D3: 服务产出 | E3: 价格构成 | F3: 加收项 | G3: 扩展项 | H3: 计价单位 | I3: 计价说明 | J3: 试行最高限价 | K3: 备注
A4: 22 | B4: 330300026 | C4: 术中组织快速识别 | D4: 采用试剂检测或光学成像显影等技术，术中快速识别如甲状旁腺等组织，减少误切，提升组织检出率和成活率，避免二次手术及降低术后并发症，提高手术质量。 | E4: 所定价格涵盖检测或显影、分析、识别等操作步骤的人力资源和基本物质资源消耗。 | H4: 次 | J4: 468

Sheet 修订表
A1: 附件3
A2: 湖南省手术和治疗辅助操作类医疗服务价格项目修订表
A3: 序号 | B3: 财务分类代码 | C3: 国家项目代码 | D3: 国家项目名称 | E3: 地方项目代码 | F3: 地方项目名称 | G3: 地方项目内涵（或章节说明） | H3: 除外内容 | I3: 计价单位 | J3: 计价说明 | K3: 一类价格（元） | L3: 备注
A4: 1 | F4: 三、临床诊疗类 | G4: 本类说明：5.除规定可另加收的以外，所有经内窥镜诊疗的项目，均已包含内窥镜费用。诊疗及手术中使用导航引导系统加收2000元/台次。 | I4: / | K4: /
A5: 2 | E5: 32 | F5: (二)经血管介入诊疗 | G5: 说明： 4.临床操作DSA引导（不含临床操作）按每半小时使用时间150元收费。 | I5: / | K5: /
A6: 3 | E6: 33 | F6: （三）手术治疗 | G6: 4.显微镜购进价在30万元以上每次手术加收350元；使用手术机器人辅助操作系统实行分类加收，具体加收政策按照湘医保发〔2022〕46号文件执行；使用微冰刀冷冻术、飞秒激光手术系统另行计价；术中使用微动力系统加收1170元/台次。5.在同一项目中使用激光、微波、射频、冷冻、各种特殊刀等方法可分别计价。使用高频电刀加收50元/台次，超声吸引刀加收1000元/台次，氩气刀加收200元/台次，超声切割止血刀加收500元/台次，射频刀加收100元/台次，微波刀加收700元/台次，脊柱手术等离子刀加收400元/台次，其他手术使用等离子刀加收200元/台次，关节刨削器刀头1000元/台次，术中使用血管切割闭合系统的加收1400元/台次。 | I6: /
A7: 4 | B7: G | C7: 003309000210000 | D7: 前哨淋巴结探查术 | E7: 330900021 | F7: 前哨淋巴结探查术 | I7: 次 | J7: △ | K7: 1144 | L7: 湘发改价服[2017]275号
A8: 5 | B8: G | C8: 003306060300000 | D8: 口腔颌面部联合缺损带血管游离肌皮骨瓣修复修复术 | E8: 330606030 | F8: 口腔颌面部联合缺损带血管游离肌皮骨瓣修复修复术 | H8: 特殊固定材料 | I8: 次 | K8: 1820
A9: 6 | B9: G | C9: 003315020070000 | D9: 带血管蒂游离神经移植术 | E9: 331502007 | F9: 带血管蒂游离神经移植术 | G9: 含手术显微镜使用 | I9: 次 | J9: *不得重复收取术中显微成像辅助操作费 | K9: 2948 | L9: 湘发改价服[2017]275号
A10: 7 | B10: E | C10: 003111000130000 | D10: B超引导下前列腺活检术 | E10: 311100013 | F10: B超引导下前列腺活检术 | I10: 次 | J10: 不得重复收取超声引导辅助操作费 | K10: 105 | L10: 湘医保发[2019]39号
A11: 8 | B11: G | C11: 433306030080000 | D11: 冷消融等离子手术治疗 | E11: 330603008 | F11: 冷消融等离子手术治疗 | I11: 次 | J11: 不得重复收取等离子辅助操作费 | K11: 650

Sheet 价格调整表
A1: 附件4
A2: 湖南省已落地立项指南辅助操作相关项目价格调整表
A3: 注：价格调整后已落地立项指南辅助操作相关项目，按手术+辅助操作费计费。
A4: 序号 | B4: 已落地立项指南项目 | M4: 剔除辅助操作相关费用后的的新价格 | P4: 支付分类 | Q4: 自付比例 | R4: 执行文号 | S4: 立项指南类别
B5: 项目 编码 | C5: 项目 名称 | D5: 服务 产出 | E5: 价格构成 | F5: 加收项 | G5: 扩展项 | H5: 计价单位 | I5: 计价 说明 | J5: 一类 价格 | K5: 二类 价格 | L5: 三类 价格 | M5: 一类 价格 | N5: 二类 价格 | O5: 三类 价格
J6: 价格单位：元 | M6: 价格单位：元
A7: 1 | B7: 013307000110000 | C7: 气管病变切除费 | D7: 通过手术切除气管病变。 | E7: 所定价格涵盖手术计划、术区准备、消毒、切开、切除、缝合、处理用物等步骤所需的人力资源和基本物质资源消耗。 | F7: 01儿童加收 | H7: 次 | J7: 1300 | K7: 1040 | L7: 832 | M7: 1100 | N7: 880 | O7: 704 | P7: 甲类 | Q7: 0 | R7: 湘医保发〔2025〕71号 | S7: 呼吸类
B8: 013307000110001 | C8: 气管病变切除费-儿童（加收） | J8: 390 | K8: 312 | L8: 250 | M8: 330 | N8: 264 | O8: 210
A9: 2 | B9: 013313000190000 | C9: 宫颈部分切除费 | D9: 通过手术切除部分宫颈。 | E9: 所定价格涵盖手术计划、术区准备、消毒、切除、缝合、处理用物等步骤所需的人力资源和基本物质资源消耗。 | H9: 次 | J9: 1307 | K9: 1046 | L9: 837 | M9: 1257 | N9: 996 | O9: 787 | P9: 乙类 | Q9: 0.2 | R9: 湘医保发〔2025〕59号 | S9: 妇科类
A10: 3 | B10: 013313000270000 | C10: 宫腔粘连分离费 | D10: 通过手术分离宫腔粘连。 | E10: 所定价格涵盖手术计划、术区准备、消毒、宫腔探查、分离、处理用物等步骤所需的人力资源和基本物质资源消耗。 | F10: 01宫颈管粘连分离 02仅使用探针或扩宫棒分粘(减收） | H10: 次 | J10: 2162 | K10: 1730 | L10: 1384 | M10: 2112 | N10: 1680 | O10: 1334 | P10: 乙类 | Q10: 0.2 | R10: 湘医保发〔2025〕59 | S10: 妇科类
B11: 013313000270001 | C11: 宫腔粘连分离费（宫颈管粘连分离）加收20% | H11: 次 | J11: 432 | K11: 346 | L11: 277 | M11: 422 | N11: 336 | O11: 267 | P11: 乙类 | Q11: 0.2
B12: 433313000270002 | C12: 宫腔粘连分离费-仅使用探针或扩宫棒分粘(减收）) | H12: 次 | J12: -1946 | K12: -1559 | L12: -1247 | M12: -1896 | N12: -1509 | O12: -1197 | P12: 乙类 | Q12: 0.2
A13: 4 | B13: 013313000330000 | C13: 子宫内膜去除费 | D13: 通过各种方式去除子宫内膜。 | E13: 所定价格涵盖手术计划、术区准备、消毒、宫腔探查、去除内膜、处理用物等步骤所需的人力资源和基本物质资源消耗。 | H13: 次 | J13: 2085 | K13: 1668 | L13: 1334 | M13: 2035 | N13: 1618 | O13: 1284 | P13: 乙类 | Q13: 0.2 | R13: 湘医保发〔2025〕59 | S13: 妇科类
A14: 5 | B14: 013313000350000 | C14: 子宫肌瘤切除费（常规） | D14: 通过手术切除子宫肌瘤。 | E14: 所定价格涵盖手术计划、术区准备、消毒、宫腔探查、切除肌瘤、缝合、处理用物等步骤所需的人力资源和基本物质资源消耗。 | G14: 01子宫腺肌病灶切除 | H14: 次 | J14: 2162 | K14: 1730 | L14: 1384 | M14: 2112 | N14: 1680 | O14: 1334 | P14: 乙类 | Q14: 0.2 | R14: 湘医保发〔2025〕57号 | S14: 妇科类
B15: 013313000350100 | C15: 子宫肌瘤切除费（常规）（子宫腺肌病灶切除）-扩展 | H15: 次 | J15: 2162 | K15: 1730 | L15: 1384 | M15: 2112 | N15: 1680 | O15: 1334 | P15: 乙类 | Q15: 0.2
A16: 6 | B16: 013313000360000 | C16: 子宫肌瘤切除费（复杂） | D16: 通过手术切除复杂情况子宫肌瘤。 | E16: 所定价格涵盖手术计划、术区准备、消毒、宫腔探查、切除肌瘤、缝合、处理用物等步骤所需的人力资源和基本物质资源消耗。 | H16: 次 | I16: 复杂指：肌瘤≥8厘米或肌瘤切除数≥6个。 | J16: 3407 | K16: 2726 | L16: 2181 | M16: 3357 | N16: 2676 | O16: 2131 | P16: 乙类 | Q16: 0.2 | R16: 湘医保发〔2025〕57号 | S16: 妇科类
A17: 7 | B17: 013313000430000 | C17: 子宫矫形费 | D17: 通过手术纠正子宫纵隔、残角子宫、双角子宫等子宫畸形。 | E17: 所定价格涵盖手术计划、术区准备、消毒、切开、宫腔探查、缝合、处理用物，必要时切除等步骤所需的人力资源和基本物质资源消耗。 | H17: 次 | J17: 1877 | K17: 1502 | L17: 1202 | M17: 1827 | N17: 1452 | O17: 1152 | P17: 乙类 | Q17: 0.2 | R17: 湘医保发〔2025〕59 | S17: 妇科类
A18: 8 | B18: 013313000480000 | C18: 输卵管吻合复通费 | D18: 通过手术吻合复通输卵管。 | E18: 所定价格涵盖手术计划、术区准备、消毒、切开、分离、切除、吻合、处理用物等步骤所需的人力资源和基本物质资源消耗。 | H18: 单侧 | J18: 2064 | K18: 1651 | L18: 1321 | M18: 1864 | N18: 1451 | O18: 1121 | P18: 乙类 | Q18: 0.3 | R18: 湘医保发〔2025〕57号 | S18: 妇科类
A19: 9 | B19: 013313000610000 | C19: 子宫内膜异位病灶切除费（常规） | D19: 通过手术切除子宫内膜异位病灶。 | E19: 所定价格涵盖手术计划、术区准备、消毒、切开、探查、分离、切除异位内膜，必要时缝合、放置引流物、处理用物等步骤所需的人力资源和基本物质资源消耗。 | H19: 次 | J19: 2000 | K19: 1800 | L19: 1530 | M19: 1950 | N19: 1750 | O19: 1480 | P19: 乙类 | Q19: 0.2 | R19: 湘医保发〔2025〕59 | S19: 妇科类
A20: 10 | B20: 013313000620000 | C20: 子宫内膜异位病灶切除费（复杂） | D20: 通过手术切除复杂情况子宫内膜异位病灶。 | E20: 所定价格涵盖手术计划、术区准备、消毒、切开、探查、分离、切除异位内膜，必要时缝合、放置引流物、处理用物等步骤所需的人力资源和基本物质资源消耗。 | H20: 次 | I20: 复杂指：子宫内膜异位病变浸润深度≥5毫米或侵犯3个及以上部位。 | J20: 3020 | K20: 2718 | L20: 2310 | M20: 2970 | N20: 2668 | O20: 2260 | P20: 乙类 | Q20: 0.2 | R20: 湘医保发〔2025〕59 | S20: 妇科类
A21: 11 | B21: 013302000520000 | C21: 颅神经切断费 | D21: 通过手术全部或部分切除颅神经。 | E21: 所定价格涵盖手术计划、术区准备、消毒铺巾、定位、开颅、探查、神经切断、关颅等步骤所需的人力资源和基本物质资源消耗。 | F21: 01儿童加收 | H21: 次 | I21: 1.本项目所称“颅神经”指：位于颅内和颅底、眼眶、颈深部的十二对颅神经部分。 2.同一神经切断费不得与松解费同时收取。 | J21: 3987 | K21: 3190 | L21: 2552 | M21: 3887 | N21: 3090 | O21: 2452 | P21: 甲类 | Q21: 0 | R21: 湘医保发〔2025〕72号 | S21: 神经类
B22: 013302000520001 | C22: 颅神经切断费-儿童（加收） | J22: 1196 | K22: 957 | L22: 766 | M22: 1166 | N22: 927 | O22: 736
A23: 12 | B23: 013302000550000 | C23: 周围神经切断费 | D23: 通过手术全部或部分切除周围神经。 | E23: 所定价格涵盖手术计划、术区准备、消毒铺巾、定位、切开、探查、神经切断、缝合等步骤所需的人力资源和基本物质资源消耗。 | F23: 01儿童加收 | H23: 次 | I23: 1.本项目所称“周围神经”指：位于头面部、躯干及四肢的颅神经和脊神经主干或分支。 2.同一神经切断费不得与松解费同时收取。 | J23: 1200 | K23: 960 | L23: 768 | M23: 1100 | N23: 860 | O23: 668 | P23: 甲类 | Q23: 0 | R23: 湘医保发〔2025〕72号 | S23: 神经类
B24: 013302000550001 | C24: 周围神经切断费-儿童（加收） | J24: 360 | K24: 288 | L24: 230 | M24: 330 | N24: 258 | O24: 200
A25: 13 | B25: 013302000250000 | C25: 颅内病变切除费（常规） | D25: 通过去除、离断、毁损等手术方式治疗颅内病变。 | E25: 所定价格涵盖手术计划、术区准备、消毒铺巾、开颅、探查、治疗病变、关颅等步骤所需的人力资源和和基本物质资源消耗。 | F25: 01儿童加收 | H25: 次 | J25: 5158 | K25: 4126 | L25: 3301 | M25: 5058 | N25: 4026 | O25: 3201 | P25: 甲类 | Q25: 0 | R25: 湘医保发〔2025〕72号 | S25: 神经类
B26: 013302000250001 | C26: 颅内病变切除费（常规）-儿童（加收） | J26: 1547 | K26: 1238 | L26: 990 | M26: 1517 | N26: 1208 | O26: 960
A27: 14 | B27: 013302000260000 | C27: 颅内病变切除费（复杂） | D27: 通过去除、离断、毁损等手术方式治疗复杂颅内病变。 | E27: 所定价格涵盖手术计划、术区准备、消毒铺巾、开颅、探查、治疗病变、关颅等步骤所需的人力资源和和基本物质资源消耗。 | F27: 01儿童加收 | H27: 次 | I27: 本项目所称“复杂”指：幕下病变、累及重要血管（浅部及深部动静脉、静脉窦）、累及功能区、血管病变、多个病灶切除、病变最大径大于30mm、病变弥散。 | J27: 5960 | K27: 4768 | L27: 3814 | M27: 5860 | N27: 4668 | O27: 3714 | P27: 甲类 | Q27: 0 | R27: 湘医保发〔2025〕72号 | S27: 神经类
B28: 013302000260001 | C28: 颅内病变切除费（复杂）-儿童（加收） | J28: 1788 | K28: 1430 | L28: 1144 | M28: 1758 | N28: 1400 | O28: 1114
A29: 15 | B29: 013305000150000 | C29: 鼓膜修补费 | D29: 通过手术修补鼓膜。 | E29: 所定价格涵盖手术计划、术区准备、消毒、切开、修补、缝合、处理用物等步骤所需的人力资源和基本物质资源消耗。 | F29: 01儿童加收 | H29: 单侧 | J29: 1040 | K29: 936 | L29: 796 | M29: 840 | N29: 756 | O29: 650 | P29: 乙类 | Q29: 0.2 | R29: 湘医保发〔2025〕72号 | S29: 耳鼻喉
B30: 013305000150001 | C30: 鼓膜修补费-儿童（加收） | J30: 312 | K30: 281 | L30: 239 | M30: 252 | N30: 227 | O30: 195
A31: 16 | B31: 013305000220000 | C31: 听骨链重建费 | D31: 通过手术重建或替代受损的听骨。 | E31: 所定价格涵盖手术计划、术区准备、消毒、切开、切除、植入、重建、修复、填塞、处理用物等步骤所需的人力资源和基本物质资源消耗。 | F31: 01儿童加收 | H31: 单侧 | J31: 3060 | K31: 2448 | L31: 1958 | M31: 2860 | N31: 2248 | O31: 1758 | P31: 乙类 | Q31: 0.1 | R31: 湘医保发〔2025〕72号 | S31: 耳鼻喉
B32: 013305000220001 | C32: 听骨链重建费-儿童（加收） | J32: 918 | K32: 734 | L32: 587 | M32: 858 | N32: 674 | O32: 527
A33: 17 | B33: 013306010500000 | C33: 喉部病变切除费 | D33: 通过手术切除喉部肿物、瘢痕等病变。 | E33: 所定价格涵盖手术计划、术区准备、消毒、切开、分离、切除、缝合、引流、包扎止血、处理用物等步骤所需的人力资源和基本物质资源消耗。 | F33: 01儿童加收 | H33: 次 | J33: 1546 | K33: 1237 | L33: 990 | M33: 1346 | N33: 1077 | O33: 862 | P33: 乙类 | Q33: 0.1 | R33: 湘医保发〔2025〕72号 | S33: 耳鼻喉
B34: 013306010500001 | C34: 喉部病变切除费-儿童（加收） | J34: 464 | K34: 371 | L34: 297 | M34: 404 | N34: 323 | O34: 258
A35: 18 | B35: 013311000160000 | C35: 肾上腺部分切除费 | D35: 通过手术切除部分肾上腺。 | E35: 所定价格涵盖手术计划、术区准备、切开、探查、切除部分肾上腺、检查、关闭、缝合、处理用物等步骤所需的人力资源和基本物质资源消耗。 | F35: 01肾上腺嗜铬细胞瘤切除 11儿童加收 | H35: 单侧 | J35: 2920 | K35: 2336 | L35: 1869 | M35: 2720 | N35: 2176 | O35: 1740 | P35: 甲类 | Q35: 0 | R35: 湘医保发〔2025〕71号​ | S35: 泌尿
B36: 013311000160001 | C36: 肾上腺部分切除费-肾上腺嗜铬细胞瘤切除（加收） | J36: 1008 | K36: 806 | L36: 645 | M36: 939 | N36: 751 | O36: 600
B37: 013311000160011 | C37: 肾上腺部分切除费－儿童（加收30%） | J37: 876 | K37: 701 | L37: 561 | M37: 816 | N37: 653 | O37: 522
A38: 19 | B38: 013311000170000 | C38: 肾上腺全切费 | D38: 通过手术切除单侧全部肾上腺。 | E38: 所定价格涵盖手术计划、术区准备、切开、探查、切除肾上腺、检查、关闭、缝合、处理用物等步骤所需的人力资源和基本物质资源消耗。 | F38: 01肾上腺嗜铬细胞瘤切除 11儿童加收 | H38: 单侧 | J38: 2920 | K38: 2336 | L38: 1869 | M38: 2720 | N38: 2176 | O38: 1740 | P38: 甲类 | Q38: 0 | R38: 湘医保发〔2025〕71号​ | S38: 泌尿
B39: 013311000170001 | C39: 肾上腺全切费-上腺嗜铬细胞瘤切除（加收） | J39: 1008 | K39: 806 | L39: 645 | M39: 939 | N39: 751 | O39: 600
B40: 013311000170011 | C40: 肾上腺全切费－儿童（加收30%） | J40: 876 | K40: 701 | L40: 561 | M40: 816 | N40: 653 | O40: 522
A41: 20 | B41: 013311000320000 | C41: 尿道部分切除费 | D41: 通过手术切除尿道内病变。 | E41: 所定价格涵盖手术计划、术区准备、消毒、切开、分离、病变切除、尿道成形、缝合、处理用物等步骤所需的人力资源和基本物质资源消耗。 | F41: 01儿童加收 | H41: 次 | J41: 1149 | K41: 919 | L41: 735 | M41: 1099 | N41: 869 | O41: 685 | P41: 甲类 | Q41: 0 | R41: 湘医保发〔2025〕71号 | S41: 泌尿
B42: 013311000320001 | C42: 尿道部分切除费－儿童（加收） | J42: 345 | K42: 276 | L42: 221 | M42: 330 | N42: 261 | O42: 206
A43: 21 | B43: 013312000150000 | C43: 前列腺部分切除费 | D43: 通过手术切除部分前列腺。 | E43: 所定价格涵盖手术计划、术区准备、消毒、切开、冲洗、分离、切除、缝合、处理用物等步骤所需的人力资源和基本物质资源消耗。 | F43: 01儿童加收 | H43: 次 | J43: 3372 | K43: 2698 | L43: 2158 | M43: 3322 | N43: 2648 | O43: 2108 | P43: 乙类 | Q43: 0.2 | R43: 湘医保发〔2025〕71号 | S43: 泌尿
B44: 013312000150001 | C44: 前列腺部分切除费－儿童（加收） | J44: 1012 | K44: 809 | L44: 647 | M44: 997 | N44: 794 | O44: 632
A45: 22 | B45: 013311000270000 | C45: 膀胱部分切除费 | D45: 通过手术切除病变部分膀胱。 | E45: 所定价格涵盖手术计划、术区准备、消毒、切开、切除、缝合、处理用物等步骤所需的人力资源和基本物质资源消耗。 | F45: 11脐尿管肿瘤切除 01儿童加收 | H45: 次 | J45: 1910 | K45: 1528 | L45: 1222 | M45: 1860 | N45: 1478 | O45: 1172 | P45: 乙类 | Q45: 0.2 | R45: 湘医保发〔2025〕71号​ | S45: 泌尿
B46: 013311000270011 | C46: 膀胱部分切除费-脐尿管肿瘤切除（加收） | J46: 842 | K46: 674 | L46: 539 | M46: 820 | N46: 651 | O46: 516
B47: 013311000270001 | C47: 膀胱部分切除费－儿童（加收30%） | J47: 573 | K47: 458 | L47: 367 | M47: 558 | N47: 443 | O47: 352
A48: 23 | B48: 013316000060000 | C48: 血管瘤去除费（常规） | D48: 通过各种方式对体表和皮下组织各种类型常规血管瘤进行去除。 | E48: 所定价格涵盖手术计划、术区准备、消毒、去除、缝合等步骤所需的人力资源和基本物质资源消耗。 | F48: 01儿童加收 11累及重要器官或功能部位 | G48: 01其他类型血管源性肿物去除 | H48: 个 | I48: 头面部血管瘤每个按4平方厘米为基础计价；躯干部血管瘤每个按144平方厘米或1%体表面积为基础计价。单血管瘤收费2800元封顶。 | J48: 940 | K48: 846 | L48: 719 | M48: 740 | N48: 646 | O48: 519 | P48: 甲类 | Q48: 0 | R48: 湘医保发〔2025〕72号 | S48: 体被
B49: 013316000060001 | C49: 血管瘤去除费（常规）-儿童（加收） | J49: 282 | K49: 254 | L49: 216 | M49: 222 | N49: 194 | O49: 156
B50: 013316000060011 | C50: 血管瘤去除费（常规）-累及重要器官或功能部位（加收） | J50: 376 | K50: 338 | L50: 288 | M50: 296 | N50: 258 | O50: 208
B51: 013316000060100 | C51: 血管瘤去除费（常规）-其他类型血管源性肿物去除（扩展） | J51: 940 | K51: 846 | L51: 719 | M51: 740 | N51: 646 | O51: 519
A52: 24 | B52: 013316000070000 | C52: 血管瘤去除费（复杂） | D52: 通过各种方式对侵犯体表多层次、富血供血管瘤进行去除。 | E52: 所定价格涵盖手术计划、术区准备、消毒、去除、缝合等步骤所需的人力资源和基本物质资源消耗。 | F52: 01儿童加收 11累及重要器官或功能部位 | G52: 01其他类型血管源性肿物去除 | H52: 个 | I52: 1.头面部血管瘤每个按4平方厘米为基础计价；躯干部血管瘤每个按144平方厘米或1%体表面积为基础计价。单复杂血管瘤收费3600元封顶。 2.本项目中的“复杂”指：侵润到皮下脂肪层、肌肉层、软骨、关节腔及易损伤重要神经的情况。 | J52: 1222 | K52: 1100 | L52: 935 | M52: 1022 | N52: 900 | O52: 735 | P52: 甲类 | Q52: 0 | R52: 湘医保发〔2025〕72号 | S52: 体被
B53: 013316000070001 | C53: 血管瘤去除费（复杂）-儿童 （加收） | J53: 367 | K53: 330 | L53: 281 | M53: 307 | N53: 270 | O53: 221 | P53: 甲类 | Q53: 0
B54: 013316000070011 | C54: 血管瘤去除费（复杂）-累及重要器官或功能部位（加收） | I54: 单复杂血管瘤累及重要器官或功能部位加收1500元封顶。 | J54: 489 | K54: 440 | L54: 374 | M54: 489 | N54: 440 | O54: 374 | P54: 甲类 | Q54: 0
B55: 013316000070100 | C55: 血管瘤去除费（复杂）-其他类型血管源性肿物去除（扩展） | J55: 1222 | K55: 1100 | L55: 935 | M55: 1022 | N55: 900 | O55: 735 | P55: 甲类 | Q55: 0
A56: 25 | B56: 013316000100000 | C56: 神经纤维瘤去除费（常规） | D56: 通过各种方式去除体表和皮下组织各种类型常规神经纤维瘤。 | E56: 所定价格涵盖手术计划、术区准备、消毒、去除、缝合等步骤所需的人力资源和基本物质资源消耗。 | F56: 01儿童加收 11累及重要器官或功能部位 | H56: 个 | I56: 头面部神经纤维瘤每个按4平方厘米为基础计价；躯干神经纤维瘤每个按144平方厘米或1%体表面积为基础计价。单神经纤维瘤收费2900元封顶。 | J56: 941 | K56: 753 | L56: 602 | M56: 741 | N56: 590 | O56: 480 | P56: 甲类 | Q56: 0 | R56: 湘医保发〔2025〕72号 | S56: 体被
B57: 013316000100001 | C57: 神经纤维瘤去除费（常规）-儿童（加收） | J57: 282 | K57: 226 | L57: 181 | M57: 222 | N57: 177 | O57: 144 | P57: 甲类 | Q57: 0
B58: 013316000100011 | C58: 神经纤维瘤去除费（常规）-累及重要器官或功能部位（加收） | I58: 单神经纤维瘤形累及重要器官或功能部位加收1200元封顶。 | J58: 376 | K58: 301 | L58: 241 | M58: 296 | N58: 236 | O58: 191 | P58: 甲类 | Q58: 0
A59: 26 | B59: 013316000110000 | C59: 神经纤维瘤去除费（复杂） | D59: 通过各种方式去除侵犯体表多层次、富血供的神经纤维瘤。 | E59: 所定价格涵盖手术计划、术区准备、消毒、去除、止血、缝合等步骤所需的人力资源和基本物质资源消耗。 | F59: 01儿童加收 11累及重要器官或功能部位 | H59: 个 | I59: 1.头面部神经纤维瘤每个按4平方厘米为基础计价；躯干神经纤维瘤每个按144平方厘米或1%体表面积为基础计价。 2.本项目中的“复杂”指：侵润到皮下脂肪层、肌肉层、软骨、关节腔及易损伤重要神经的情况。单复杂神经纤维瘤收费3700元封顶。 | J59: 1223 | K59: 978 | L59: 782 | M59: 1023 | N59: 818 | O59: 654 | P59: 甲类 | Q59: 0 | R59: 湘医保发〔2025〕72号 | S59: 体被
B60: 013316000110001 | C60: 神经纤维瘤去除费（复杂）-儿童（加收） | J60: 367 | K60: 293 | L60: 235 | M60: 307 | N60: 245 | O60: 196 | P60: 甲类 | Q60: 0
B61: 013316000110011 | C61: 神经纤维瘤去除费（复杂）-累及重要器官或功能部位（加收） | I61: 单复杂神经纤维瘤形累及重要器官或功能部位加收1500元封顶。 | J61: 489 | K61: 391 | L61: 313 | M61: 409 | N61: 327 | O61: 261 | P61: 甲类 | Q61: 0
A62: 27 | B62: 013315000200000 | C62: 椎间盘切除费 | D62: 通过手术切除椎间盘。 | E62: 所定价格涵盖手术计划、术区准备、消毒、切开、探查、切除、止血、引流、缝合、处理用物等步骤所需的人力资源和基本物质资源消耗。 | F62: 01儿童加收 | H62: 每椎间盘 | J62: 3200 | K62: 2560 | L62: 2048 | M62: 3000 | N62: 2360 | O62: 1848 | P62: 乙类 | Q62: 0.2 | R62: 湘医保发〔2025〕73号 | S62: 骨骼肌肉
B63: 013315000200001 | C63: 椎间盘切除费-儿童（加收） | J63: 960 | K63: 768 | L63: 614 | M63: 900 | N63: 708 | O63: 554
A64: 28 | B64: 013315000930000 | C64: 肢体神经松解费 | D64: 通过手术松解肢体神经组织。 | E64: 所定价格涵盖手术计划、术区准备、消毒、切开、探查、松解、止血、引流、缝合、处理用物等步骤所需的人力资源和基本物质资源消耗。 | F64: 01儿童加收 | H64: 每根 | J64: 2100 | K64: 1680 | L64: 1344 | M64: 1900 | N64: 1480 | O64: 1144 | P64: 甲类 | Q64: 0 | R64: 湘医保发〔2025〕73号 | S64: 骨骼肌肉
B65: 013315000930001 | C65: 肢体神经松解费-儿童（加收） | J65: 630 | K65: 504 | L65: 403 | M65: 570 | N65: 444 | O65: 343
A66: 29 | B66: 013315000940000 | C66: 肢体神经修复费 | D66: 通过手术修复吻合肢体神经组织。 | E66: 所定价格涵盖手术计划、术区准备、消毒、切开、探查、修复、吻合、止血、引流、缝合、处理用物等步骤所需的人力资源和基本物质资源消耗。 | F66: 01儿童加收 | H66: 每根 | J66: 2800 | K66: 2240 | L66: 1792 | M66: 2600 | N66: 2040 | O66: 1592 | P66: 甲类 | Q66: 0 | R66: 湘医保发〔2025〕73号 | S66: 骨骼肌肉
B67: 013315000940001 | C67: 肢体神经修复费-儿童（加收） | J67: 840 | K67: 672 | L67: 538 | M67: 780 | N67: 612 | O67: 478
A68: 30 | B68: 013315000380000 | C68: 关节感染病灶清除费（常规） | D68: 通过手术清除关节感染病灶。 | E68: 所定价格涵盖手术计划、术区准备、消毒、切开、探查、清理、止血、引流、缝合、处理用物等步骤所需的人力资源和基本物质资源消耗。 | F68: 01儿童加收 | H68: 每关节 | J68: 1850 | K68: 1480 | L68: 1184 | M68: 1650 | N68: 1280 | O68: 984 | P68: 甲类 | Q68: 0 | R68: 湘医保发〔2025〕73号 | S68: 骨骼肌肉
B69: 013315000380001 | C69: 关节感染病灶清除费（常规）-儿童（加收） | J69: 556 | K69: 445 | L69: 355 | M69: 495 | N69: =N68*0.3 -> 384 | O69: 295
A70: 31 | B70: 013315000390000 | C70: 关节感染病灶清除费（复杂） | D70: 通过手术清除复杂情形下关节感染病灶。 | E70: 所定价格涵盖手术计划、术区准备、消毒、切开、探查、清理、止血、引流、缝合、处理用物等步骤所需的人力资源和基本物质资源消耗。 | F70: 01儿童加收 | H70: 每关节 | I70: 本项目所称“复杂”指：假体置换术后感染、结核感染的情况。 | J70: 2775 | K70: 2220 | L70: 1776 | M70: 2575 | N70: 2020 | O70: 1576 | P70: 甲类 | Q70: 0 | R70: 湘医保发〔2025〕73号 | S70: 骨骼肌肉
B71: 013315000390001 | C71: 关节感染病灶清除费（复杂）-儿童（加收） | J71: 833 | K71: 666 | L71: 533 | M71: 773 | N71: =N70*0.3 -> 606 | O71: 473
A72: 32 | B72: 013315000750000 | C72: 关节清理费（大关节） | D72: 通过手术清理大关节。 | E72: 所定价格涵盖手术计划、术区准备、消毒、切开、探查、清理关节各结构、软组织成形、止血、引流、缝合、处理用物等步骤所需的人力资源和基本物质资源消耗。 | F72: 01儿童加收 | H72: 每关节 | J72: 2400 | K72: 1920 | L72: 1536 | M72: 2200 | N72: 1720 | O72: 1336 | P72: 甲类 | Q72: 0 | R72: 湘医保发〔2025〕73号 | S72: 骨骼肌肉
B73: 013315000750001 | C73: 关节清理费（大关节）-儿童（加收） | J73: 720 | K73: 576 | L73: 460 | M73: 660 | N73: 516 | O73: 400
A74: 33 | B74: 013315000740000 | C74: 关节清理费（小关节） | D74: 通过手术清理小关节。 | E74: 所定价格涵盖手术计划、术区准备、消毒、切开、探查、清理关节各结构、软组织成形、止血、引流、缝合、处理用物等步骤所需的人力资源和基本物质资源消耗。 | F74: 01儿童加收 | H74: 每关节 | J74: 1300 | K74: 1170 | L74: 995 | M74: 1100 | N74: 970 | O74: 795 | P74: 甲类 | Q74: 0 | R74: 湘医保发〔2025〕73号 | S74: 骨骼肌肉
B75: 013315000740001 | C75: 关节清理费（小关节）-儿童（加收） | J75: 390 | K75: 351 | L75: 298 | M75: 330 | N75: 291 | O75: 238
A76: 34 | B76: 013315000650000 | C76: 手/足移植费 | D76: 通过手术实现同种异体手/足的移植。 | E76: 所定价格涵盖手术计划、术区准备、消毒、供体获取、切开、移植、固定、止血、引流、缝合、处理用物等步骤所需的人力资源和基本物质资源消耗。 | F76: 01儿童加收 | G76: 01 异种肢体 | H76: 每肢体 | I76: 义肢装配不按此收费。 | J76: 5000 | K76: 4000 | L76: 3200 | M76: 4800 | N76: 3800 | O76: 3000 | P76: 甲类 | Q76: 0 | R76: 湘医保发〔2025〕73号 | S76: 骨骼肌肉
B77: 013315000650001 | C77: 手/足移植费-儿童（加收） | J77: 1500 | K77: 1200 | L77: 960 | M77: 1440 | N77: 1140 | O77: 900
B78: 013315000650100 | C78: 手/足移植费-异种肢体（扩展） | J78: 5000 | K78: 4000 | L78: 3200 | M78: 4800 | N78: 3800 | O78: 3000
A79: 35 | B79: 013315000690000 | C79: 断指/趾再植费 | D79: 通过手术再植离断的手指/脚趾。 | E79: 所定价格涵盖手术计划、术区准备、消毒、探查、短缩、复位、固定、吻合肌腱/神经/动脉/静脉、止血、引流、缝合、处理用物等步骤所需的人力资源和基本物质资源消耗。 | F79: 01儿童加收 | H79: 每指（趾） | J79: 4500 | K79: 3600 | L79: 2880 | M79: 4300 | N79: 3400 | O79: 2680 | P79: 甲类 | Q79: 0 | R79: 湘医保发〔2025〕73号 | S79: 骨骼肌肉
B80: 013315000690001 | C80: 断指/趾再植费-儿童（加收） | J80: 1350 | K80: 1080 | L80: 864 | M80: 1290 | N80: 1020 | O80: 804
A81: 36 | B81: 013315000660000 | C81: 断肢再植费 | D81: 通过手术再植离断的肢体。 | E81: 所定价格涵盖手术计划、术区准备、消毒、探查、短缩、复位、固定、吻合肌腱/神经/动脉/静脉、止血、引流、缝合、处理用物等步骤所需的人力资源和基本物质资源消耗。 | F81: 01儿童加收 | H81: 每肢 | J81: 5000 | K81: 4000 | L81: 3200 | M81: 4800 | N81: 3800 | O81: 3000 | P81: 甲类 | Q81: 0 | R81: 湘医保发〔2025〕73号 | S81: 骨骼肌肉
B82: 013315000660001 | C82: 断肢再植费-儿童（加收） | J82: 1500 | K82: 1200 | L82: 960 | M82: =M81*0.3 -> 1440 | N82: =N81*0.3 -> 1140 | O82: =O81*0.3 -> 900
A83: 37 | B83: 013312000200000 | C83: 阴茎部分切除费 | D83: 通过手术切除部分阴茎、肿物、囊肿、硬性结节。 | E83: 所定价格涵盖手术计划、术区准备、消毒、切开、分离、切除、缝合及必要时尿道口整形、处理用物等步骤所需的人力资源和基本物质资源消耗。 | F83: 01儿童加收 | H83: 次 | J83: 495 | K83: 396 | L83: 317 | M83: 445 | N83: 346 | O83: 267 | P83: 乙类 | Q83: 0.2 | R83: 湘医保发〔2025〕71号​ | S83: 泌尿系统类
B84: 013312000200001 | C84: 阴茎部分切除费－儿童（加收30%） | J84: 149 | K84: 119 | L84: 95 | M84: 134 | N84: 104 | O84: 80
